 Dungeon Crawl Stone Soup version 0.17.1-3-g152610e (console) character file.

23409 Sehdowjr the Grappler (level 12, -12/126 HPs)
             Began as a Troll Berserker on Feb 16, 2016.
             Was a High Priest of Trog.
             Killed from afar by a fire dragon (39 damage)
             ... with a blast of flame
             ... on level 14 of the Dungeon on Feb 17, 2016.
             The game lasted 02:25:24 (15158 turns).

Sehdowjr the Grappler (Troll Berserker)            Turns: 15158, Time: 02:25:33

Health: -12/126    AC: 10    Str: 31    XL:     12   Next: 71%
Magic:  24/24      EV: 13    Int:  4    God:    Trog [*****.]
Gold:   373        SH:  0    Dex:  9    Spells: 0 memorised, 11 levels left

rFire  . . .     SeeInvis +       - Unarmed
rCold  . . .     Clarity  .     G - +0 mottled dragon armour
rNeg   . . .     SustAt   .     (no shield)
rPois  .         Gourm    +     (helmet restricted)
rElec  .         Spirit   .     H - +0 cloak
rCorr  .         Warding  .     (gloves unavailable)
rMut   .         Stasis   .     (boots unavailable)
MR     ++...                    w - amulet of faith
Stlth  +.........               J - ring of magical power
                                r - ring of see invisible

@: regenerating, very resistant to hostile enchantments, very unstealthy
A: unfitting armour, claws 3, fast metabolism 3, gourmand, regeneration 2,
shaggy fur 1, tough skin 2
a: Berserk, Trog's Hand, Brothers in Arms, Burn Spellbooks, Renounce Religion


You were on level 14 of the Dungeon.
You worshipped Trog.
Trog was extremely pleased with you.
You were very full.

You visited 2 branches of the dungeon, and saw 15 of its levels.

You collected 706 gold pieces.
You spent 333 gold pieces at shops.

Inventory:

Armour
 a - a +1 animal skin
 y - a +2 robe of the Archmagi
 G - a +0 mottled dragon armour (worn)
 H - a +0 cloak (worn)
 M - a +0 cloak
Jewellery
 r - a ring of see invisible (left claw)
 w - an amulet of faith (around neck)
 x - an uncursed amulet of warding
 I - an uncursed amulet of clarity {unknown}
 J - a ring of magical power (right claw)
Wands
 j - a wand of fire (4)
 o - a wand of random effects (48)
 p - a wand of disintegration (17)
 C - a wand of magic darts (21)
 E - a wand of draining (11)
 K - a wand of disintegration (1)
 P - a wand of random effects (32)
Scrolls
 d - 11 scrolls of identify
 f - 8 scrolls of teleportation
 h - 2 scrolls of enchant weapon
 q - a scroll of fear
 z - a scroll of recharging
 D - 2 scrolls of remove curse
 L - a scroll of amnesia
 N - a scroll of immolation
 O - a scroll of vulnerability {unknown}
 R - a scroll of summoning {unknown}
 S - a scroll of blinking {unknown}
Potions
 c - 3 potions of resistance {unknown}
 e - 3 potions of curing
 g - a potion of magic
 i - 5 potions of might {unknown}
 l - a potion of mutation
 m - a potion of cancellation
 u - a potion of agility {unknown}
 A - 2 potions of degeneration
 B - 2 potions of haste
 Q - a potion of lignification {unknown}
Comestibles
 b - 11 bread rations
 k - 11 slices of pizza
 n - 5 meat rations
 s - 3 royal jellies
 t - 4 beef jerkies
 v - 8 fruits
 T - 2 chunks of flesh


   Skills:
 + Level 9.8 Fighting
 + Level 10.5 Dodging
 - Level 1.5 Stealth
 + Level 11.7 Unarmed Combat
 - Level 6.0 Evocations


You had 11 spell levels left.
You didn't know any spells.

Dungeon Overview and Level Annotations

Branches:
Dungeon (14/15)            Temple (0/1) D:6            Lair (1/8) D:8
    Orc (0/4) D:12         Vaults (0/5) D:14

Altars:
Cheibriados
Elyvilon
Kikubaaqudgha
Okawaru
Qazlal
Ru
Vehumet
Yredelemnul
Beogh

Shops:
D:7 =   D:9 [   D:11 *


Innate Abilities, Weirdness & Mutations

You are too large for most types of armour.
You have claws for hands.
Your metabolism is lightning-fast.
You like to eat raw meat.
You heal very quickly.
You are covered in fur (AC +1).
You have very tough skin (AC +2).


Message History

an arrow; a giant spiked club; a giant club Your two-headed ogre goes berserk!
The wyvern bites your troll but does no damage.
Your troll barely misses the wyvern.
Your troll claws the wyvern!
Your troll claws the wyvern!!
The wyvern dies!
Trog accepts your kill. The fire dragon breathes flames at you.
The blast of flame hits your troll. The blast of flame hits you!
* * * LOW HITPOINT WARNING * * *
Read which item? (? for menu, Esc to quit)
Okay, then.
Drink which item? (? for menu, Esc to quit)
You feel much better. The fire dragon breathes flames at you.
The blast of flame hits your troll.
Your troll dies!
Your troll's corpse disappears in a puff of smoke!
The blast of flame hits you!
You die...

######## ####......#
###########..'......#
#.........#.##......#
#.........#.##......#
#.........#(##......#
#.....(((.#@##......#
#.....(.D§((##....<.#
#........O####......#
######'#### #......#
#.# #[.....+


Fl# #<.....# .### ####+### #D ##.##### ##+####### You could see a fire dragon
and a friendly two-headed ogre (berserk).

Vanquished Creatures
  9 hill giants
  Pikel (D:7)
  A wolf spider zombie (D:12)
  3 cyclopes
  Maurice (D:11)
  2 manticores
  A spiny frog (Lair:1)
  A gargoyle (D:13)
  3 centaur skeletons
  2 komodo dragons (D:8)
  Grinder (D:5)
  A two-headed ogre (D:10)
  A trapdoor spider zombie (D:13)
  5 slime creatures (D:13)
  6 trolls
  A centaur simulacrum (D:13)
  A shadow (D:14)
  2 hippogriffs
  A wyvern (D:10)
  12 yaks
  Eustachio (D:4)
  A trapdoor spider (D:12)
  A human (D:7)
  2 vampire mosquitoes (D:12)
  A hungry ghost (D:12)
  Menkaure (D:4)
  2 water moccasins
  3 mottled dragons
  Duvessa (D:7)
  A phantom (D:8)
  3 ice beasts
  8 orc warriors
  5 sky beasts
  3 necrophages
  A swamp drake (D:8)
  A wasp (D:13)
  4 crocodiles
  8 ogres
  A big kobold (D:10)
  2 centaurs
  A wyvern zombie (D:11)
  Dowan (D:7)
  10 giant frogs
  3 wyvern skeletons
  4 scorpions
  17 killer bees
  2 quasits
  3 crimson imps
  3 giant frog zombies
  3 jellies
  A centaur zombie (D:5)
  3 hounds (D:8)
  6 orc priests
  2 giant frog skeletons
  13 orc wizards
  Natasha (twice) (D:2)
  4 iguanas
  6 sheep
  6 worker ants
  2 killer bee zombies
  2 hound zombies
  2 hound skeletons
  3 gnolls (D:9)
  2 worker ant zombies
  9 adders
  A river rat (D:8)
  3 shadow imps
  3 adder skeletons
  An adder zombie (D:8)
  2 worms (D:2)
  14 giant geckos
  58 orcs
  2 ball pythons
  2 giant cockroaches
  4 goblins (D:3)
  7 hobgoblins
  7 jackals
  5 quokkas
  4 bats
  A giant cockroach zombie (D:5)
  A giant gecko skeleton (D:4)
  5 giant newts
  2 gnoll zombies (D:7)
  13 kobolds
  A quokka skeleton (D:6)
  4 rats
355 creatures vanquished.

Vanquished Creatures (collateral kills)
  A centaur warrior (D:14)
  A wyvern (D:14)
  A hippogriff (D:11)
  A black bear (D:11)
  A centaur (D:11)
  A giant frog (D:14)
  A scorpion (D:11)
7 creatures vanquished.

Vanquished Creatures (others)
  A slave (D:7)
  An orc (D:7)
  A quokka (D:7)
3 creatures vanquished.

Grand Total: 365 creatures vanquished

Notes
Turn   | Place    | Note
--------------------------------------------------------------
     0 | D:1      | Sehdowjr the Troll Berserker began the quest for the Orb.
     0 | D:1      | Reached XP level 1. HP: 22/22 MP: 0/0
   241 | D:1      | Reached XP level 2. HP: 29/29 MP: 1/1
   808 | D:2      | Reached XP level 3. HP: 36/36 MP: 2/2
   854 | D:2      | Reached ** piety under Trog
   886 | D:2      | Found a sacrificial altar of Ru.
  1018 | D:2      | Found a radiant altar of Vehumet.
  1103 | D:2      | Found an ancient bone altar of Kikubaaqudgha.
  1476 | D:2      | Reached XP level 4. HP: 45/45 MP: 3/3
  1486 | D:2      | Noticed Natasha
  1497 | D:2      | Killed Natasha
  1506 | D:2      | Noticed Natasha
  1525 | D:2      | Killed Natasha
  1569 | D:2      | Found a faded altar to an unknown god.
  2119 | D:3      | Reached skill level 4 in Unarmed Combat
  2129 | D:3      | Reached XP level 5. HP: 42/53 MP: 4/4
  2248 | D:3      | Reached *** piety under Trog
  2661 | D:4      | Found a stormy altar of Qazlal.
  2893 | D:4      | Noticed Menkaure
  2901 | D:4      | Killed Menkaure
  2901 | D:4      | Reached XP level 6. HP: 11/61 MP: 5/5
  3525 | D:4      | Reached skill level 1 in Stealth
  3857 | D:5      | Entered Level 5 of the Dungeon
  3857 | D:5      | Noticed Eustachio
  3868 | D:4      | Reached skill level 5 in Unarmed Combat
  3868 | D:4      | Reached XP level 7. HP: 49/68 MP: 6/6
  3918 | D:4      | Killed Eustachio
  3918 | D:4      | Reached skill level 5 in Dodging
  4154 | D:5      | Noticed Grinder
  4159 | D:5      | Paralysed by Grinder for 2 turns
  4167 | D:5      | Killed Grinder
  4167 | D:5      | Reached XP level 8. HP: 72/79 MP: 7/7
  4260 | D:5      | Found a snail-covered altar of Cheibriados.
  4306 | D:5      | Reached **** piety under Trog
  4326 | D:5      | Reached skill level 6 in Unarmed Combat
  4739 | D:6      | Reached skill level 1 in Evocations
  4981 | D:6      | Reached skill level 5 in Fighting
  5123 | D:6      | Found a staircase to the Ecumenical Temple.
  5546 | D:7      | Noticed Pikel
  5569 | D:7      | Killed Pikel
  5569 | D:7      | Reached skill level 7 in Unarmed Combat
  5569 | D:7      | Reached XP level 9. HP: 88/88 MP: 9/9
  5832 | D:7      | Found Gotapraje's Jewellery Boutique.
  5891 | D:7      | Noticed Duvessa
  5891 | D:7      | Noticed Dowan
  5898 | D:7      | Killed Duvessa
  5903 | D:7      | Killed Dowan
  6541 | D:7      | You fall through a shaft for 2 floors!
  6874 | D:8      | Received a gift from Trog
  7094 | D:8      | Reached XP level 10. HP: 97/97 MP: 11/11
  7186 | D:8      | Reached skill level 8 in Unarmed Combat
  7500 | D:8      | Found an iron altar of Okawaru.
  8211 | D:8      | Noticed a komodo dragon
  8226 | D:8      | Killed a komodo dragon
  8236 | D:8      | Noticed a komodo dragon
  8236 | D:8      | Reached ***** piety under Trog
  8249 | D:8      | Killed a komodo dragon
  8415 | D:8      | Found a staircase to the Lair.
  8438 | Lair:1   | Entered Level 1 of the Lair of Beasts
  8970 | D:8      | Reached skill level 9 in Unarmed Combat
  8970 | D:8      | Reached skill level 5 in Evocations
  9399 | D:7      | Found a basalt altar of Yredelemnul.
  9626 | D:9      | Found Valluurph's Antique Armour Emporium.
  9649 | D:9      | Bought an embroidered robe for 21 gold pieces
 10062 | D:9      | Found an iron altar of Okawaru.
 10142 | D:9      | Reached XP level 11. HP: 79/109 MP: 13/13
 10420 | D:10     | Entered Level 10 of the Dungeon
 11323 | D:10     | Noticed a hill giant
 11331 | D:10     | Killed a hill giant
 11531 | D:10     | Noticed a hill giant
 11545 | D:10     | Killed a hill giant
 11672 | D:10     | Noticed a hill giant
 11682 | D:10     | Killed a hill giant
 12022 | D:11     | Reached skill level 10 in Unarmed Combat
 12142 | D:11     | Noticed a hill giant
 12149 | D:11     | Received a gift from Trog
 12153 | D:11     | Killed a hill giant
 12306 | D:11     | Found a white marble altar of Elyvilon.
 12460 | D:11     | Found Qadatudd's General Store.
 12464 | D:11     | Bought 2 potions of heal wounds for 120 gold pieces
 12464 | D:11     | Bought a potion of haste for 120 gold pieces
 12464 | D:11     | Bought a scroll of identify for 24 gold pieces
 12464 | D:11     | Bought a scroll of identify for 24 gold pieces
 12464 | D:11     | Bought a scroll of identify for 24 gold pieces
 12581 | D:11     | Noticed a hill giant
 12595 | D:11     | Killed a hill giant
 12605 | D:11     | Noticed Maurice
 12646 | D:11     | Killed Maurice
 12713 | D:11     | Upgraded the game from 0.17.1-2-g5865329 to 0.17.1-3-g152610e
 12946 | D:12     | Noticed a hill giant
 12958 | D:12     | Killed a hill giant
 12958 | D:12     | Reached XP level 12. HP: 122/122 MP: 15/15
 13027 | D:12     | Found a staircase to the Orcish Mines.
 13313 | D:12     | Noticed a hill giant
 13322 | D:12     | Killed a hill giant
 13698 | D:12     | Found a roughly hewn altar of Beogh.
 13802 | D:12     | Reached skill level 11 in Unarmed Combat
 13810 | D:12     | Received a gift from Trog
 13935 | D:12     | Reached skill level 10 in Dodging
 14293 | D:13     | Reached ****** piety under Trog
 14325 | D:13     | Received a gift from Trog
 15005 | D:14     | Found a gate to the Vaults.
 15005 | D:14     | Noticed a vault guard
 15005 | D:14     | Noticed a vault guard
 15005 | D:14     | Noticed a centaur warrior
 15005 | D:14     | Noticed a vault guard
 15005 | D:14     | Noticed a vault guard
 15006 | D:14     | Noticed a fire dragon
 15155 | D:14     | Killed a centaur warrior
 15157 | D:14     | HP: 4/126 [fire dragon/blast of flame (46)]
 15158 | D:14     | Killed from afar by a fire dragon

Action                   |  1- 3 |  4- 6 |  7- 9 | 10-12 || total
-------------------------+-------+-------+-------+-------++-------
Melee: Unarmed           |    78 |   174 |   275 |   753 ||  1280
Invok: Berserk           |       |     2 |     7 |    14 ||    23
       Burn Spellbooks   |       |       |     1 |     2 ||     3
       Trog's Hand       |       |       |       |     4 ||     4
       Brothers in Arms  |       |       |       |     4 ||     4
  Use: Scroll            |       |       |     8 |     9 ||    17
       Potion            |       |       |     4 |     9 ||    13
 Stab: Sleeping          |       |       |     1 |       ||     1
       Distracted        |       |       |       |     1 ||     1
  Eat: Chunk             |     5 |    31 |    38 |    85 ||   159
       Bread ration      |     1 |       |       |     1 ||     2
       Fruit             |     1 |       |       |       ||     1
       Beef jerky        |       |       |       |     2 ||     2
       Pizza             |       |       |       |     1 ||     1
